 Dungeon Crawl Stone Soup version 0.32-a0-747-gc8563f6773 (webtiles) character file.

Game seed: 1284030124150930041

3747 jasper the Cleaver (level 9, -3/79 HPs)
             Began as a Mountain Dwarf Berserker on Mar 17, 2024.
             Was an Elder of Trog.
             Slain by a sixfirhy (11 damage)
             ... summoned by a kobold demonologist
             ... on level 9 of the Dungeon.
             The game lasted 00:10:42 (6975 turns).

jasper the Cleaver (Mountain Dwarf Berserker)       Turns: 6975, Time: 00:10:43

Health: -3/79      AC: 19    Str: 23    XL:     9   Next: 93%
Magic:  9/9        EV:  6    Int:  9    God:    Trog [****..]
Gold:   289        SH:  0    Dex:  9    Spells: 8/8 levels left

rFire   . . .        p - +2 broad axe (freeze)
rCold   . . .        (no shield)
rNeg    . . .        o - +0 plate armour
rPois   .            r - +2 helmet {SInv}
rElec   .            B - +2 cloak {rCorr}
rCorr   +            (no gloves)
SInv    +            (no boots)
Will    ++...        (no amulet) Stlth
                     g - ring of see invisible
HPRegen 1.33/turn    (no ring)
MPRegen 0.11/turn

%: no passive effects
@: mighty, strong-willed (expiring), regenerating (expiring), invisible
A: runic magic, artefact enchanting
a: Renounce Religion, Berserk, Trog's Hand, Brothers in Arms


You were on level 9 of the Dungeon.
You worshipped Trog.
Trog was greatly pleased with you.
You visited 1 branch of the dungeon, and saw 9 of its levels.

You collected 289 gold pieces.

Inventory:

Hand Weapons
 a - a +0 hand axe
 p - a +2 broad axe of freezing (weapon)
 s - a +0 hand axe of flaming
 v - a +0 trident
 y - a +2 flail of protection
Missiles
 d - 17 stones (quivered)
 e - 29 poisoned darts
 n - 8 boomerangs
Armour
 b - a +0 animal skin
 h - a +0 leather armour
 j - a +0 helmet
 o - a +0 plate armour (worn)
 r - a +2 helmet of see invisible (worn)
 u - a +0 cloak
 x - a +0 ring mail
 B - a +2 cloak of preservation (worn)
Jewellery
 g - a ring of see invisible (left hand)
 C - a ring of fire
Scrolls
 m - a scroll of noise
 t - a scroll of vulnerability
 A - a scroll of silence
 D - a scroll of poison
Potions
 c - a potion of mutation
 i - 4 potions of lignification {unknown}
 k - a potion of might
 l - 3 potions of curing {unknown}
 q - a potion of enlightenment {unknown}
 w - a potion of haste {unknown}
 z - a potion of brilliance {unknown}


   Skills:
 + Level 7.6 Fighting
 * Level 13.7 Axes
 + Level 7.1 Armour
 - Level 1.3 Dodging


You had 8 spell levels left.
You didn't know any spells.
Your spell library was empty.

Dungeon Overview and Level Annotations

Branches:
Dungeon (9/15)             Temple (0/1) D:5
   Lair: D:8-11         Orc: D:9-12

Altars:
Dithmenos
Fedhas
Nemelex Xobeh
Uskayaw
Vehumet
Xom
Zin

Shops:
D:4 [

Annotations:
D:6 Dowan, Duvessa


Innate Abilities, Weirdness & Mutations

Your spellcasting is much less encumbered by armour.
You can use scrolls of enchantment on lesser artefacts.


Message History

The sixfirhy barely misses you. x2; The sixfirhy closely misses you.
Your skin crawls.
You feel strong-willed.
The ufetubus shouts!
You regained 2 hp, and now have 35/79 hp.
The ufetubus shouts!
The shadow imp shouts, "Go and return not, thou bootless tickle-brained socdollager!"
You see here a +0 whip.
The ufetubus shouts!
You regained 2 hp, and now have 39/79 hp.
A kobold demonologist comes into view. It is wielding a +0 dagger.
The kobold demonologist shouts!
You hear a shout!
You regained 2 hp, and now have 43/79 hp.
The kobold demonologist barely misses you.
You barely miss the kobold demonologist.
You hit the kobold demonologist. You freeze the kobold demonologist.
The kobold demonologist is lightly wounded.
The kobold demonologist barely misses you.
You strike the helpless kobold demonologist from behind!
You slash the kobold demonologist! You freeze the kobold demonologist.
The kobold demonologist is moderately wounded.
The sixfirhy hits you. The sixfirhy shocks you!
The sixfirhy hits you but does no damage.
The sixfirhy closely misses you.
The kobold demonologist hits you with a +0 dagger.
You take 16 damage, and have 30/79 hp.
MASSIVE DAMAGE!!
You closely miss the kobold demonologist.
The kobold demonologist is moderately wounded.
You slash the sixfirhy! You freeze the sixfirhy.
You feel the effects of Trog's Hand fading.
The sixfirhy hits you but does no damage.
The sixfirhy hits you! The sixfirhy shocks you!
* * * LOW HITPOINT WARNING * * *
The sixfirhy hits you but does no damage.
You take 15 damage, and have 15/79 hp.
You feel very mighty all of a sudden. The sixfirhy hits you!
* * * LOW HITPOINT WARNING * * *
The sixfirhy shocks you!
You die...
K55

#)# #K# ..#######)#
..........#
.########.# #.K..#
#3#### #@#
#.#####K#######
..............#####
########.##)#.#...#
##.##.#))...#
#..##.###...#
#.###.# ##.##
####.###.# #.#
#........#
#.#######


You could see 2 kobold demonologists and a sixfirhy (summoned, unable to see
you).

Vanquished Creatures
  A troll (D:9)
  9 yaks (D:9)
  An orc warrior (D:9)
  3 ice beasts
  2 sky beasts (D:8)
  A centaur (D:6)
  3 kobold brigands
  4 bullfrogs
  A gnoll sergeant (D:9)
  2 scorpions
  2 killer bees
  A bombardier beetle (D:7)
  4 hounds
  Crazy Yiuf (D:7)
  5 orc priests
  2 iguanas (D:4)
  6 orc wizards
  Robin (D:3)
  5 gnolls (D:9)
  8 adders
  A shadow imp (D:6)
  2 dart slugs
  2 ribbon worms
  22 orcs
  5 bats
  6 endoplasms
  2 giant cockroaches (D:2)
  13 goblins
  5 hobgoblins
  6 jackals
  3 quokkas
  6 ball pythons
  2 frilled lizards (D:2)
  13 kobolds
  8 rats
158 creatures vanquished.

Vanquished Creatures (others)
  An orc warrior (D:8)
1 creature vanquished.

Grand Total: 159 creatures vanquished

Notes
Turn   | Place    | Note
-------+----------+-------------------------------------------
     0 | D:1      | jasper the Mountain Dwarf Berserker began the quest for the
                  | Orb.
     0 | D:1      | Reached XP level 1. HP: 19/19 MP: 1/1
   192 | D:1      | Reached skill level 4 in Axes
   219 | D:1      | Found a faded altar of an unknown god.
   309 | D:1      | Reached XP level 2. HP: 26/26 MP: 2/2
  1138 | D:2      | Reached skill level 5 in Axes
  1242 | D:2      | Reached XP level 3. HP: 19/31 MP: 3/3
  1765 | D:2      | Reached ** piety under Trog
  1878 | D:2      | Reached XP level 4. HP: 39/39 MP: 4/4
  2121 | D:3      | Found a blossoming altar of Fedhas.
  2340 | D:3      | Noticed Robin
  2357 | D:3      | Killed Robin
  2363 | D:3      | Reached *** piety under Trog
  2491 | D:3      | Found a glowing silver altar of Zin.
  2500 | D:3      | Found a sparkling altar of Nemelex Xobeh.
  2522 | D:3      | Found a hide-covered altar of Uskayaw.
  2667 | D:4      | Reached skill level 6 in Axes
  2667 | D:4      | Reached XP level 5. HP: 41/46 MP: 5/5
  3051 | D:4      | Reached XP level 6. HP: 33/53 MP: 6/6
  3175 | D:4      | Reached skill level 7 in Axes
  3181 | D:4      | Found Piesoev's Armour Shoppe.
  3196 | D:5      | Entered Level 5 of the Dungeon
  3511 | D:5      | Reached XP level 7. HP: 60/60 MP: 7/7
  3522 | D:5      | Reached skill level 5 in Fighting
  4087 | D:5      | Reached skill level 8 in Axes
  4272 | D:5      | Found a staircase to the Ecumenical Temple.
  4363 | D:6      | Noticed Duvessa
  4368 | D:6      | Noticed Dowan
  4739 | D:5      | Identified a scroll of acquirement
  4739 | D:5      | Acquired a +2 broad axe of freezing
  4920 | D:7      | Found a shimmering altar of Xom.
  4955 | D:7      | Reached skill level 9 in Axes
  4983 | D:7      | Reached XP level 8. HP: 61/69 MP: 8/8
  5031 | D:7      | Reached **** piety under Trog
  5161 | D:7      | Found a runed translucent door.
  5162 | D:7      | Noticed Crazy Yiuf
  5321 | D:7      | Reached skill level 10 in Axes
  5361 | D:7      | Found a radiant altar of Vehumet.
  5660 | D:7      | Killed Crazy Yiuf
  5817 | D:8      | Found a shadowy altar of Dithmenos.
  5868 | D:8      | Reached skill level 11 in Axes
  6093 | D:8      | Noticed a hornet
  6104 | D:8      | Reached skill level 5 in Armour
  6289 | D:9      | Reached skill level 12 in Axes
  6294 | D:9      | Noticed a troll
  6299 | D:9      | Killed a troll
  6300 | D:9      | Reached XP level 9. HP: 75/75 MP: 9/9
  6405 | D:9      | Reached skill level 13 in Axes
  6952 | D:9      | Noticed a kobold demonologist
  6960 | D:9      | Noticed a sixfirhy
  6968 | D:9      | Noticed a kobold demonologist
  6975 | D:9      | Slain by a sixfirhy

Illustrated notes

Levels and vault maps discovered:
D:1:      dpeg_arrival_solitude, layout_basic, ebering_ecumenical_altar_mist
D:2:      layout_basic, chequers_avenue
D:3:      layout_basic, mainiacjoe_overflow_swirl,
          mainiacjoe_overflow_big_doors, uniq_robin
D:4:      layout_basic, overflow_temple_1_default, serial_shops,
          nicolae_shop_advertising_works [nicolae_subvault_shop_adworks]
D:5:      layout_basic, temple_statues, serial_curves, eino_curves_02,
          eino_curves_04, eino_curves_04, grunt_ministairs_13
D:6:      layout_loops_ring, uniq_duvessa
D:7:      layout_loops_ring, mainiacjoe_overflow_boulevard, old_standard_altar,
          uniq_crazy_yiuf_cottage
D:8:      layout_gridville, grunt_dithmenos_smoke, kennysheep_kite_vault
D:9:      layout_loops_ring, lair_entry_dummy

Skill      XL: |  1  2  3  4  5  6  7  8  9 |
---------------+----------------------------+-----
Axes           | 4 5 6 7 9 12 13 | 13.7
Armour         | 3 4 5 7 |  7.1
Fighting       | 4 5 6 7 |  7.6
Dodging        | |  1.3

Action                     |  1- 3 |  4- 6 |  7- 9 || total
---------------------------+-------+-------+-------++-------
  Melee: Hand axe          |    93 |   291 |    73 ||   457
         Broad axe         |       |       |   211 ||   211
  Throw: Stone             |       |     9 |     1 ||    10
         Dart              |       |     3 |       ||     3
 Invoke: Berserk           |     1 |     2 |     1 ||     4
         Trog's Hand       |       |     2 |     4 ||     6
    Use: Scroll            |     5 |     1 |     8 ||    14
         Potion            |       |       |     4 ||     4
   Stab: Invisible         |       |       |     2 ||     2
 Armour: Animal skin       |     4 |       |       ||     4
         Leather armour    |    56 |       |       ||    56
         Plate armour      |     3 |   275 |   257 ||   535
  Dodge: Dodged            |    43 |    72 |    75 ||   190

Table legend: (Time is in decaauts)
 A = Elapsed time spent in this place.
 B = Non-inter-level travel time spent in this place.
 C = Inter-level travel time spent in this place.
 D = Time resting spent in this place.
 E = Time spent auto-exploring this place.
 F = Levels seen in this place.
 G = Mean time per level.
                   A        B        C        D        E       F      G
               +--------+--------+--------+--------+--------+-----+--------+
         Total |   7026 |   6684 |    342 |   1008 |   4083 |   9 |  780.7 |
       Dungeon |   7026 |   6684 |    342 |   1008 |   4083 |   9 |  780.7 |
               +--------+--------+--------+--------+--------+-----+--------+

Top non-repeatable levels by time:
     D:5: 1333 daAuts
     D:1: 1028 daAuts
     D:2: 971 daAuts
     D:7: 948 daAuts
     D:9: 851 daAuts
     D:3: 647 daAuts
     D:4: 571 daAuts
     D:8: 411 daAuts
     D:6: 261 daAuts
